 Dungeon Crawl Stone Soup version 0.31-a0-360-gb3e1d13bf4 (webtiles) character file.

Game seed: 14447353896429758777

10255 bobo the Fighter (level 11, -1/90 HPs)
             Began as a Djinni Fire Elementalist on July 25, 2023.
             Was a Priest of Makhleb.
             Slain by a skeletal warrior
             ... wielding a +0 flail
             ... led by a death knight
              (11 damage)
             ... on level 10 of the Dungeon on July 26, 2023.
             The game lasted 00:46:17 (10113 turns).

bobo the Fighter (Djinni Fire Elementalist)        Turns: 10113, Time: 00:46:17

Health: -1/90      AC: 10    Str:  7    XL:     11   Next: 89%
Gold:   53         EV: 11    Int: 21    God:    Makhleb [***...] SH:  8 Dex: 14

rFire   + + +        n - +3 dagger
rCold   + . .        J - +3 buckler {rN+}
rNeg    + . .        I - +2 leather armour {rC+}
rPois   ∞            B - +2 helmet {SInv}
rElec   .            (no cloak)
rCorr   .            K - +1 pair of gloves
SInv    +            (boots unavailable)
Will    +....        (no amulet)
Stlth   ++           h - ring of protection from fire
HPRegen 0.35/turn    o - ring of protection from cold
MPRegen 0.00/turn

%: infuse magic (-2 HP)
@: about to teleport, flying
A: sickness immunity, fire resistance 2, cold vulnerability 1, float, innate
caster, HP casting, extra vitality 1
a: Renounce Religion, Minor Destruction, Lesser Servant of Makhleb


You were on level 10 of the Dungeon.
You worshipped Makhleb.
Makhleb was most pleased with you.
You visited 2 branches of the dungeon, and saw 11 of its levels.
You also visited: Sewer and Bailey.

You collected 623 gold pieces.
You spent 570 gold pieces at shops.

Inventory:

Hand Weapons
 n - a +3 dagger (weapon)
 s - a +2 rapier of holy wrath
 H - the +3 hand crossbow of Muinlox {drain, SInv}
   (You found it in a bailey)

   SInv:      It lets you see invisible.
Missiles
 p - 2 throwing nets
Armour
 B - a +2 helmet of see invisible (worn)
 I - a +2 leather armour of cold resistance (worn)
 J - a +3 buckler of positive energy (worn)
 K - a +1 pair of gloves (worn)
Jewellery
 h - a ring of protection from fire (left hand)
 o - a ring of protection from cold (right hand)
 D - the ring "Cugus" {Str+3 SInv}
   (You found it in a bailey)

   [ring of see invisible]

   Str:       It affects your strength (+3).
   SInv:      It lets you see invisible.
Wands
 b - a wand of flame (12)
Scrolls
 e - 3 scrolls of enchant weapon
 j - 3 scrolls of immolation
 k - 2 scrolls of fear
 l - 5 scrolls of teleportation
 m - 4 scrolls of vulnerability
 u - a scroll of brand weapon {unknown}
 x - 4 scrolls of identify
 y - a scroll of revelation
 z - a scroll of poison {unknown}
Potions
 c - a potion of berserk rage {unknown}
 f - a potion of curing
 g - 2 potions of degeneration {unknown}
 i - a potion of brilliance {unknown}
 q - a potion of mutation {unknown}
 r - 3 potions of enlightenment {unknown}
 t - a potion of attraction {unknown}
 v - 2 potions of resistance {unknown}
 w - a potion of might {unknown}
 A - a potion of heal wounds {unknown}
 C - a potion of ambrosia {unknown}
 E - 2 potions of cancellation {unknown}
 F - 2 potions of haste {unknown}
Miscellaneous
 G - a piece from Xom's chessboard (15/15)


   Skills:
 + Level 12.4 Fighting
 - Level 2.1 Dodging
 - Level 1.5 Stealth
 + Level 3.5 Shields
 + Level 9.8 Spellcasting
 + Level 9.8 Conjurations
 + Level 9.8 Hexes
 + Level 9.8 Summonings
 + Level 9.8 Necromancy
 + Level 9.8 Translocations
 + Level 9.8 Transmutations
 + Level 9.8 Fire Magic
 + Level 9.8 Ice Magic
 + Level 9.8 Air Magic
 + Level 9.8 Earth Magic
 + Level 9.8 Poison Magic


You knew the following spells:

 Your Spells              Type           Power      Damage    Failure   Level
a - Foxfire               Conj/Fire      100%       2x1d9     1%          1
b - Slow                  Hex            100%       N/A       1%          1
c - Momentum Strike       Conj/Tloc      100%       3d10      1%          2
d - Animate Armour        Summ/Erth      100%       N/A       2%          4
e - Inner Flame           Hex/Fire       51%        N/A       1%          3
q - Poisonous Vapours     Pois/Air       100%       N/A       1%          2
s - Scorch                Fire           100%       2d9       1%          2
w - Flame Wave            Conj/Fire      51%        2d13      2%          4
x - Volatile Blastmotes   Fire/Tloc      100%       2d18      1%          3
z - Iskenderun's Mystic   Conj/Tloc      51%        2d11      2%          4
Your spell library was empty.

Dungeon Overview and Level Annotations

Branches:
Dungeon (10/15)            Temple (1/1) D:5           Sewer (visited)
 Bailey (visited)
   Lair: D:8-11         Orc: D:9-12

Altars:
Ashenzari
Cheibriados
Dithmenos
Elyvilon
Fedhas
Gozag
Hepliaklqana
Makhleb
Nemelex Xobeh
Okawaru
Qazlal
Ru
Trog
Uskayaw
Wu Jian
Xom
Yredelemnul
Zin
The Shining One

Shops:
D:4 *   D:6 =   D:9 [

Annotations:
D:6 2 transporters, cforsyth's ghost, novice GnAr


Innate Abilities, Weirdness & Mutations

You are immune to sickness and miasma.
You are immune to poison.
Your flesh is very heat resistant. (rF++)
You are vulnerable to cold. (rC-)
You float through the air rather than walking.
You learn spells naturally, not from books.
Your magical power is your life essence.
You have superior vitality. (+4 MHP)


Message History

The skeletal warrior is no longer more vulnerable to fire.
Casting: Iskenderun's Mystic Blast (dangerous; 2% risk of failure)
Confirm with . or Enter, or press ? or * to list all spells.
You erupt in a blast of force!
The mystic blast hits the skeletal warrior.
The skeletal warrior is severely damaged.
The skeletal warrior is knocked back by the mystic blast.
Casting: Iskenderun's Mystic Blast (dangerous; 2% risk of failure)
Confirm with . or Enter, or press ? or * to list all spells.
Flames lash the skeletal warrior.
The skeletal warrior is almost destroyed.
The skeletal warrior's fire resistance burns away.
Casting: Scorch (safe; 1% risk of failure)
Confirm with . or Enter, or press ? or * to list all spells.
Flames lash the skeletal warrior but do no damage.
You block the skeletal warrior's attack.
A gnoll comes into view. It is wielding a +1 whip of venom.
Casting: Scorch (safe; 1% risk of failure)
Confirm with . or Enter, or press ? or * to list all spells.
Flames lash the skeletal warrior but do no damage.
The skeletal warrior hits you with a +0 flail!!
* * * LOW HITPOINT WARNING * * *
You feel better.
The skeletal warrior is no longer more vulnerable to fire.
The skeletal warrior hits you with a +0 flail!!
* * * LOW HITPOINT WARNING * * *
Casting: Scorch (safe; 1% risk of failure)
Confirm with . or Enter, or press ? or * to list all spells.
You don't have enough health to cast this spell.
Unknown command.
You feel better. The gnoll hits you but does no damage.
The skeletal warrior hits you with a +0 flail.
* * * LOW HITPOINT WARNING * * *
As you read the scroll of teleportation, it crumbles to dust.
You feel strangely unstable. The gnoll closely misses you.
The skeletal warrior hits you with a +0 flail.
* * * LOW HITPOINT WARNING * * *
You feel better. The gnoll closely misses you.
The skeletal warrior hits you with a +0 flail!
You die...

#.....#...#.......#
#.....##'#####'#..#
#...g.........[####
#.###.g###..##.#
#.g #..##.# #..
#.....# #.. #.....#
#.###.)###.....#
#....))ggz@....#
#......#########
#...... #.####. #
.. .p ... ...


You could see a skeletal warrior and 2 gnolls.

Vanquished Creatures
  A death knight (D:10)
  A two-headed ogre (D:8)
  A skeletal warrior (D:10)
  A phantasmal warrior (D:10)
  An orc knight (Bailey)
  A deep elf zephyrmancer (Bailey)
  A gargoyle (D:8)
  A kobold demonologist (D:9)
  A hornet (D:8)
  Grinder (D:4)
  8 yaks
  3 wyverns
  A shadow (D:6)
  Eustachio (D:4)
  Grum (D:9)
  2 steam dragons
  2 water moccasins
  9 orc warriors
  A sky beast (D:8)
  3 ogres
  3 wolves (D:9)
  A phantom (D:5)
  3 kobold brigands
  6 bullfrogs
  A gnoll sergeant (D:10)
  A scorpion (D:5)
  13 killer bees
  A howler monkey (D:5)
  3 hounds
  3 orc priests
  4 jellies
  2 gnoll boudas
  Jessica (D:2)
  3 iguanas
  4 orc wizards
  A hell rat (Sewer)
  4 adders
  13 gnolls
  5 river rats (Sewer)
  A shadow imp (D:8)
  2 white imps
  5 worms
  6 dart slugs
  39 orcs
  8 bats
  9 endoplasms
  5 giant cockroaches
  12 goblins
  8 hobgoblins
  8 jackals
  15 kobolds
  7 ball pythons
  3 frilled lizards
  11 rats
252 creatures vanquished.

Vanquished Creatures (collateral kills)
  An ufetubus (D:5)
1 creature vanquished.

Vanquished Creatures (others)
  299 foxfires
299 creatures vanquished.

Grand Total: 552 creatures vanquished

Notes
Turn   | Place    | Note
-------+----------+-------------------------------------------
     0 | D:1      | bobo the Djinni Fire Elementalist began the quest for the
                  | Orb.
     0 | D:1      | bobo set off with the following spells memorised: Foxfire,
                  | Scorch, Volatile Blastmotes, Inner Flame, Flame Wave.
     0 | D:1      | Reached XP level 1. HP: 15/15 MP: 0/0
   115 | D:1      | Reached XP level 2. HP: 19/22 MP: 0/0
   212 | D:1      | Reached skill level 1 in Fighting
   382 | D:1      | Reached XP level 3. HP: 25/27 MP: 0/0
   382 | D:1      | Learned a level 1 spell: Slow
   604 | D:1      | Found a faded altar of an unknown god.
   742 | D:1      | Reached skill level 2 in Fighting
   872 | D:2      | Noticed Jessica
   876 | D:2      | Killed Jessica
   877 | D:2      | Reached XP level 4. HP: 25/34 MP: 0/0
  1851 | D:3      | Reached XP level 5. HP: 34/39 MP: 0/0
  1851 | D:3      | Learned a level 2 spell: Momentum Strike
  1923 | D:3      | Reached skill level 3 in Fighting
  2298 | D:4      | Noticed Grinder
  2359 | D:4      | Noticed an ogre
  2365 | D:4      | Killed an ogre
  2366 | D:4      | Reached XP level 6. HP: 36/47 MP: 0/0
  2568 | D:4      | Paralysed by Grinder for 2 turns
  2574 | D:4      | Killed Grinder
  2575 | D:4      | Reached skill level 4 in Fighting
  2575 | D:4      | Reached XP level 7. HP: 35/53 MP: 0/0
  2575 | D:4      | Learned a level 2 spell: Poisonous Vapours
  2865 | D:4      | Found a hazy altar of Hepliaklqana.
  2869 | D:4      | Reached skill level 5 in Fighting
  2892 | D:4      | Found a broken altar of Ashenzari.
  3119 | D:4      | Found Empun's Assorted Antiques.
  3119 | D:4      | Noticed Eustachio
  3126 | D:4      | Killed Eustachio
  3127 | D:4      | Reached skill level 5 in Spellcasting
  3127 | D:4      | Reached skill level 5 in Conjurations
  3127 | D:4      | Reached skill level 5 in Hexes
  3127 | D:4      | Reached skill level 5 in Summonings
  3127 | D:4      | Reached skill level 5 in Necromancy
  3127 | D:4      | Reached skill level 5 in Translocations
  3127 | D:4      | Reached skill level 5 in Transmutations
  3127 | D:4      | Reached skill level 5 in Fire Magic
  3127 | D:4      | Reached skill level 5 in Ice Magic
  3127 | D:4      | Reached skill level 5 in Air Magic
  3127 | D:4      | Reached skill level 5 in Earth Magic
  3127 | D:4      | Reached skill level 5 in Poison Magic
  3248 | D:4      | Reached XP level 8. HP: 36/60 MP: 0/0
  3394 | D:5      | Entered Level 5 of the Dungeon
  3492 | D:5      | Found a glowing drain.
  3570 | Sewer    | Entered a sewer
  3598 | Sewer    | Reached skill level 6 in Fighting
  4410 | D:5      | Found a staircase to the Ecumenical Temple.
  4780 | D:6      | Noticed a yak
  4789 | D:6      | Killed a yak
  4790 | D:6      | Reached skill level 7 in Fighting
  4791 | D:6      | Noticed a yak
  4792 | D:6      | Noticed a yak
  4795 | D:6      | Killed a yak
  4795 | D:6      | Killed a yak
  4795 | D:6      | Noticed a yak
  4796 | D:6      | Reached XP level 9. HP: 55/69 MP: 0/0
  4796 | D:6      | Learned a level 4 spell: Animate Armour
  4801 | D:6      | Reached skill level 8 in Fighting
  4924 | D:6      | Found Ahineeq's Jewellery Boutique.
  5053 | D:6      | You are sucked into a shaft and drop 1 floor!
  5458 | D:7      | Found a shadowy altar of Dithmenos.
  5619 | Temple   | Entered the Ecumenical Temple
  5630 | Temple   | Became a worshipper of Makhleb the Destroyer
  5680 | D:6      | Reached skill level 9 in Fighting
  5865 | D:6      | Noticed cforsyth's ghost (novice GnAr)
  5866 | D:6      | Found a transporter.
  5866 | D:6      | Identified the +1 giant club "Oshriry" {antimagic, Str+4}
  5866 | D:6      | Noticed a two-headed ogre
  5867 | D:6      | Found a transporter.
  5939 | D:6      | Found an iron altar of Okawaru.
  6488 | D:7      | Reached XP level 10. HP: 69/78 MP: 0/0
  6982 | D:8      | Noticed a gargoyle
  6982 | D:8      | Reached * piety under Makhleb
  7240 | D:8      | Reached skill level 10 in Fighting
  7261 | D:8      | Killed a gargoyle
  7375 | D:8      | Noticed a two-headed ogre
  7586 | D:8      | Killed a two-headed ogre
  8064 | D:9      | Reached skill level 11 in Fighting
  8067 | D:9      | Reached XP level 11. HP: 55/87 MP: 0/0
  8067 | D:9      | Learned a level 4 spell: Iskenderun's Mystic Blast
  8093 | D:9      | Found a flagged portal.
  8118 | Bailey   | Entered a bailey
  8263 | Bailey   | Reached ** piety under Makhleb
  8269 | Bailey   | Noticed an orc knight
  8276 | Bailey   | Killed an orc knight
  8480 | Bailey   | Upgraded the game from 0.31-a0-358-gac0dbeb3ab to
                  | 0.31-a0-360-gb3e1d13bf4
  8497 | Bailey   | Found a large runed translucent door.
  8497 | Bailey   | Found a large runed translucent door.
  8498 | Bailey   | Noticed a deep elf zephyrmancer
  8563 | Bailey   | Killed a deep elf zephyrmancer
  8763 | Bailey   | Identified the ring "Cugus" {Str+3 SInv}
  8778 | Bailey   | Identified the +3 hand crossbow of Muinlox {drain, SInv}
  8971 | D:9      | Noticed Grum
  8979 | D:9      | Killed Grum
  9065 | D:9      | Found Nemaex Byata's Antique Armour Shop.
  9069 | D:9      | Bought a runed buckler for 285 gold pieces
  9074 | D:9      | Bought a pair of embroidered gloves for 285 gold pieces
  9212 | D:9      | Noticed a sun demon
  9219 | D:9      | Reached skill level 12 in Fighting
  9219 | D:9      | Reached skill level 1 in Shields
  9384 | D:9      | Identified the +0 ring mail of Mumblety Peg {-Tele Str+3
                  | Dex+6}
  9792 | D:10     | Entered Level 10 of the Dungeon
 10016 | D:10     | Noticed a phantasmal warrior
 10028 | D:10     | Killed a phantasmal warrior
 10083 | D:10     | Noticed a death knight
 10089 | D:10     | Noticed a skeletal warrior
 10090 | D:10     | Reached *** piety under Makhleb
 10092 | D:10     | Killed a death knight
 10094 | D:10     | Noticed a skeletal warrior
 10095 | D:10     | Killed a skeletal warrior
 10110 | D:10     | HP: 1/90 [skeletal warrior/+0 flail[a death knight] (23)]
 10113 | D:10     | Slain by a skeletal warrior

Illustrated notes

Levels and vault maps discovered:
D:1:      shiori_arrival_maze, layout_loops_ring, ebering_ecumenical_altar_box,
          minmay_misc_feat_ornament
D:2:      layout_rooms, uniq_jessica
D:3:      minmay_evil_eye, layout_basic, serial_curves, eino_curves_02,
          eino_curves_01, eino_curves_03, eino_curves_03
D:4:      layout_basic, nicolae_overflow_squiral, serial_shops,
          nicolae_shop_overgrown_old_shop, item_on_display_a, uniq_grinder,
          uniq_eustachio
D:5:      layout_basic, minmay_temple_entry_from_below_a, portal_sewer_entry_e,
          minmay_between
D:6:      layout_rooms, okawaru_metal_pillars_3, gammafunk_ghost_smash,
          serial_shops, shop
D:7:      layout_loops_ring, amcnicky_altar_gilded
D:8:      layout_rooms
D:9:      layout_irregular_city, enter_bailey_5, serial_shops, shop,
          st_stairs_5, uniq_grum
D:10:     layout_stronghold, hex_tiny
Temple:   nicolae_temple_two_arcs

Skill      XL: |  1  2  3  4  5  6  7  8  9 10 11 |
---------------+----------------------------------+-----
Spellcasting   | 4 5 6 7 8 9 |  9.8
Conjurations   | 4 5 6 7 8 9 |  9.8
Hexes          | 4 5 6 7 8 9 |  9.8
Summonings     | 4 5 6 7 8 9 |  9.8
Necromancy     | 4 5 6 7 8 9 |  9.8
Translocations | 4 5 6 7 8 9 |  9.8
Transmutations | 4 5 6 7 8 9 |  9.8
Fire Magic     | 4 5 6 7 8 9 |  9.8
Ice Magic      | 4 5 6 7 8 9 |  9.8
Air Magic      | 4 5 6 7 8 9 |  9.8
Earth Magic    | 4 5 6 7 8 9 |  9.8
Poison Magic   | 4 5 6 7 8 9 |  9.8
Fighting       | 1 2 3 4 5 7 9 11 12 | 12.4
Shields        | 3 |  3.5
Dodging        | |  2.1
Stealth        | |  1.5

Action                     |  1- 3 |  4- 6 |  7- 9 | 10-12 || total
---------------------------+-------+-------+-------+-------++-------
  Melee: Unarmed           |     1 |       |       |       ||     1
   Cast: Foxfire           |    47 |    58 |    41 |    39 ||   185
         Scorch            |     9 |    22 |    30 |    28 ||    89
         Inner Flame       |     2 |     3 |    54 |    78 ||   137
         Slow              |       |     6 |    20 |    19 ||    45
         Volatile Blastmot |       |     3 |    28 |    11 ||    42
         Poisonous Vapours |       |       |    27 |    58 ||    85
         Flame Wave        |       |       |     1 |     3 ||     4
         Momentum Strike   |       |       |       |     6 ||     6
         Animate Armour    |       |       |       |     2 ||     2
         Iskenderun's Myst |       |       |       |    16 ||    16
    Use: Scroll            |       |       |    10 |     3 ||    13
         Potion            |       |       |       |     3 ||     3
 Armour: Robe              |     1 |     1 |    10 |     6 ||    18
         Leather armour    |       |       |       |     5 ||     5
  Dodge: Dodged            |     5 |     8 |    12 |    18 ||    43
  Block: Buckler           |       |       |       |     4 ||     4

Table legend: (Time is in decaauts)
 A = Elapsed time spent in this place.
 B = Non-inter-level travel time spent in this place.
 C = Inter-level travel time spent in this place.
 D = Time resting spent in this place.
 E = Time spent auto-exploring this place.
 F = Levels seen in this place.
 G = Mean time per level.
                   A        B        C        D        E       F      G
               +--------+--------+--------+--------+--------+-----+--------+
         Total |  10108 |   9704 |    404 |   1775 |   6225 |  13 |  777.5 |
       Dungeon |   9160 |   8764 |    396 |   1222 |   6211 |  10 |  916.0 |
        Temple |     20 |     12 |      8 |      0 |      0 |   1 |   20.0 |
         Sewer |    214 |    214 |      0 |    125 |     14 |   1 |  214.0 |
        Bailey |    712 |    712 |      0 |    428 |      0 |   1 |  712.0 |
               +--------+--------+--------+--------+--------+-----+--------+

Top non-repeatable levels by time:
     D:7: 1307 daAuts
     D:6: 1174 daAuts
     D:5: 1164 daAuts
     D:9: 1163 daAuts
     D:4: 1038 daAuts
     D:3: 981 daAuts
     D:1: 862 daAuts
  Bailey: 712 daAuts
     D:8: 638 daAuts
     D:2: 509 daAuts
    D:10: 320 daAuts
   Sewer: 214 daAuts
  Temple: 20 daAuts
